 Dungeon Crawl Stone Soup version 0.30.1-3-gfc49f6343a (webtiles) character file.

Game seed: 6655463692326756041

49 GeoRichter the Vexing (level 3, -1/20 HPs)
             Began as a Deep Elf Hexslinger on July 26, 2023.
             Succumbed to their own poison gas
             ... on level 2 of the Dungeon.
             The game lasted 00:01:45 (660 turns).

GeoRichter the Vexing (Deep Elf Hexslinger)          Turns: 660, Time: 00:01:45

Health: -1/20      AC:  2    Str:  6 (7)  XL:     3   Next: 51%
Magic:  7/7        EV: 12    Int: 16 (17) God:
Gold:   40         SH:  0    Dex: 14 (17) Spells: 4/5 levels left

rFire   . . .        a - +1 sling
rCold   . . .        (no shield)
rNeg    . . .        c - +0 robe
rPois   .            (no helmet)
rElec   .            (no cloak)
rCorr   .            (no gloves)
SInv    .            (no boots)
Will    .....        (no amulet)
Stlth   +            (no ring)
HPRegen 0.23/turn    (no ring)
MPRegen 0.10/turn

%: no passive effects
@: lethally poisoned (-1 -> -8)
A: no striking features
a: no special abilities


You were on level 2 of the Dungeon.
You visited 1 branch of the dungeon, and saw 2 of its levels.

You collected 40 gold pieces.

Inventory:

Hand Weapons
 a - a +1 sling (weapon)
Armour
 c - a +0 robe (worn)
 f - a +0 pair of boots
   (You found it on level 1 of the Dungeon)
Wands
 g - a wand of paralysis (3)
   (You found it on level 1 of the Dungeon)
Scrolls
 i - a scroll of immolation {unknown}
 k - a scroll of blinking {unknown}
Potions
 e - a potion of invisibility {unknown}
 h - a potion of lignification {unknown}


   Skills:
 - Level 0.7 Fighting
 * Level 4.6 Ranged Weapons
 - Level 2.4 Dodging
 - Level 1.5 Spellcasting
 + Level 4.7 Hexes


You had 4 spell levels left.
You knew the following spells:

 Your Spells              Type           Power      Damage    Failure   Level
a - Slow                  Hex            64%        N/A       3%          1

Your spell library contained the following spells:

 Spells                   Type           Power      Damage    Failure   Level
 Tukima's Dance           Hex            16%        N/A       10%         3
 Beastly Appendage        Tmut           2%         N/A       22%         1
 Inner Flame              Hex/Fire       8%         N/A       24%         3
 Portal Projectile        Hex/Tloc       16%        N/A       24%         3
 Cause Fear               Hex            8%         N/A       30%         4
 Wereblood                Tmut           1%         N/A       32%         2
 Spider Form              Tmut/Pois      1%         N/A       54%         3
 Blade Hands              Tmut           0%         N/A       99%         5


Dungeon Overview and Level Annotations

Branches:
Dungeon (2/15) Zot: 11321

Altars:

Shops:
D:1 *


Message History

Robin throws the goblin at you!
You shoot a sling bullet. The sling bullet misses the goblin.
The goblin is engulfed in poison gas.
The goblin is poisoned.
You kill the goblin!
You shoot a sling bullet. The sling bullet closely misses Robin.
The sling bullet hits the hobgoblin.
The hobgoblin is moderately wounded.
A hobgoblin comes into view.
You shoot a sling bullet.
The sling bullet hits Robin but does no damage.
Robin is almost dead.
You shoot a sling bullet. The sling bullet hits Robin.
You kill Robin!
You shoot a sling bullet.
The sling bullet hits the hobgoblin but does no damage.
The hobgoblin is moderately wounded.
You shoot a sling bullet.
The sling bullet closely misses the hobgoblin.
You shoot a sling bullet.
The sling bullet hits the hobgoblin but does no damage.
The hobgoblin is moderately wounded.
The goblin no longer looks unusually strong.
The hobgoblin barely misses you.
You shoot a sling bullet.
The sling bullet closely misses the hobgoblin.
The sling bullet barely misses the hobgoblin.
The sling bullet hits the goblin.
You kill the goblin!
The hobgoblin no longer looks unusually strong.
The hobgoblin barely misses you.
Really walk into that cloud of poison gas?
The hobgoblin attacks as you move away! The hobgoblin closely misses you.
You are engulfed in poison gas.
You are poisoned.
* * * LOW HITPOINT WARNING * * *
You feel very sick.
Items here: )) ††.
The hobgoblin attacks as you move away! The hobgoblin hits you.
* * * LOW HITPOINT WARNING * * *
* * * LOW HITPOINT WARNING * * *
You feel very sick.
It was a potion of degeneration.
There was something very wrong with that liquid.
You feel weakened.
You feel dopey.
You feel clumsy.
* * * LOW HITPOINT WARNING * * *
You feel very sick.
The hobgoblin no longer looks unusually strong.
The hobgoblin hits you but does no damage.
It was a potion of cancellation.
You feel magically purged.
You die...

### #........# ..#
#........# ..#
#.....†..# ..#
#........# ..#
#..<.....#######
..#####..............##.
.†.[....................
..#####..............##.
### #..(.....#@....!..
##########g####### #g#
.......g.....#
######.$.....# #.......#
#.).....# ##)###### #)#


You could see 3 hobgoblins.

Vanquished Creatures
  Robin (D:2)
  4 ball pythons
  4 bats (D:1)
  5 endoplasms
  A giant cockroach (D:1)
  12 goblins
  2 kobolds (D:1)
  A quokka (D:1)
  2 rats
32 creatures vanquished.

Notes
Turn   | Place    | Note
-------+----------+-------------------------------------------
     0 | D:1      | GeoRichter the Deep Elf Hexslinger began the quest for the
                  | Orb.
     0 | D:1      | Reached XP level 1. HP: 11/11 MP: 5/5
   107 | D:1      | Reached XP level 2. HP: 16/16 MP: 6/6
   127 | D:1      | Found Ikkay's General Store.
   633 | D:2      | Reached XP level 3. HP: 20/20 MP: 7/7
   639 | D:2      | Noticed Robin
   652 | D:2      | Killed Robin
   659 | D:2      | HP: 1/20 [poisoned by you (poison gas)]
   660 | D:2      | Succumbed to their own poison gas

Illustrated notes

Levels and vault maps discovered:
D:1:      amcnicky_arrival_choice, layout_rooms, serial_shops,
          nicolae_shop_behind_doors, dk_noncrumbling_3
D:2:      layout_basic, uniq_robin

Skill      XL: |  1  2 |
---------------+-------+-----
Ranged Weapons | 3 4 |  4.6
Fighting       | |  0.7
Dodging        | |  2.4
Spellcasting   | |  1.5
Hexes          | |  4.7

Action                     || total
---------------------------++-------
   Fire: Sling             ||    86
   Cast: Slow              ||     7
    Use: Potion            ||     2
         Scroll            ||     1
 Armour: Robe              ||     7
  Dodge: Dodged            ||    12
